[Event "Titled Tuesday Blitz August 17 2021"]
[White "Novikova, Galina"]
[Black "Nurmanova, Alua"]
[WhiteFideId "4157095"]
[BlackFideId "13729390"]
[WhiteElo "1907"]
[BlackElo "1869"]
[Result "1/2-1/2"]
[Round "11"]
[TimeControl "180+1"]
[Date "2021.08.18"]
[WhiteClock "0:00:05"]
[BlackClock "0:00:04"]

1. e4 c5 2. Nf3 d6 3. d4 cxd4 4. Nxd4 Nf6 5. Nc3 a6 6. h3 e5 7. Nde2 Be6 8. g4 h6 9. Bg2 Nbd7 10. Ng3 b5 11. Nf5 Qc7 12. O-O b4 13. Ne2 g6 14. Nfg3 Bg7 15. f4 exf4 16. Nxf4 Ne5 17. Nd5 Bxd5 18. exd5 Rc8 19. Rf2 Qc5 20. Qe2 O-O 21. Be3 Qc4 22. Qd2 Kh7 23. Raf1 Nfd7 24. Ne4 Qc7 25. Bd4 a5 26. g5 Nc4 27. Qd3 Nde5 28. Qg3 Nf3+ 29. Rxf3 Bxd4+ 30. Kh1 h5 31. b3 Ne5 32. Rf6 Rcd8 33. Rd1 Bb2 34. Rf2 Rc8 35. Nf6+ Kg7 36. Qf4 Qc3 37. Nxh5+ gxh5 38. Qf6+ Kg8 39. g6 Nxg6 40. Qg5 Qe5 41. Rf5 Qe2 42. Rg1 Rxc2 43. Qxh5 Be5 44. Rg5 Qxh5 45. Rxh5 Kg7 46. Rg5 Kh6 47. Rg4 Nf4 48. Be4 Nh5 49. Bxc2 Rc8 50. Be4 Rc3 51. Kg2 Re3 52. Bf5 Re2+ 53. Kf3 Rh2 54. Bd7 Rxh3+ 55. Ke2 Rh2+ 56. Kd1 Rxa2 57. Rg8 Ra1+ 58. Ke2 Nf4+ 59. Kd2 Bc3+ 60. Kc2 Ra2+ 61. Kb1 Ra1+ 62. Kc2 Ra2+ 63. Kd1 Ra1+ 64. Kc2 1/2-1/2


[Site "https://www.chess.com"]

[Event "Titled Tuesday Blitz August 17 2021"]
[White "Nozdrachev, Leonid"]
[Black "Dudzinski, Pawel"]
[WhiteFideId "24113433"]
[BlackFideId "1117890"]
[WhiteElo "2240"]
[BlackElo "2193"]
[Result "1-0"]
[Round "11"]
[TimeControl "180+1"]
[Date "2021.08.17"]
[WhiteClock "0:00:08"]
[BlackClock "0:00:14"]

1. e4 c6 2. d4 d5 3. Bd3 dxe4 4. Bxe4 Nf6 5. Bf3 g6 6. Ne2 Bg7 7. Be3 Bg4 8. Ng1 Bxf3 9. Nxf3 Qb6 10. Nbd2 Nd5 11. O-O Nxe3 12. fxe3 Qxb2 13. Rb1 Qxa2 14. Rxb7 Qe6 15. e4 Qc8 16. Qb1 Nd7 17. Nc4 O-O 18. Qb4 Rb8 19. Rxb8 Qxb8 20. Qxe7 Nb6 21. Nce5 Bxe5 22. Nxe5 Qd8 23. Nxc6 Qxe7 24. Nxe7+ Kg7 25. Ra1 Ra8 26. Ra6 Nc4 27. d5 Re8 28. Rxa7 Kf6 29. Rc7 Nd2 30. d6 Nxe4 31. d7 Ra8 32. Nd5+ Ke5 33. g3 Rd8 34. Nb6 Kd6 35. Rc8 Ke7 36. Rc4 Nd6 37. Rd4 Nf5 38. Re4+ Kd6 39. c4 Kc7 40. c5 Kc6 41. Re8 Rxd7 42. Nxd7 Kxd7 43. Rh8 h5 44. Rh7 Ke6 45. c6 Ne7 46. c7 Nc8 47. Rh8 Kd7 48. Rf8 Nd6 49. c8=Q+ Nxc8 50. Rxf7+ Ne7 51. Rf6 Ke8 52. Kg2 Kd7 53. Ra6 Ke8 54. Kf3 Kf7 55. Kf4 Nf5 56. Kg5 Ng7 57. Rf6+ Ke7 58. Rxg6 Ne8 59. Kxh5 Nf6+ 60. Rxf6 Kxf6 61. g4 Kg7 62. g5 Kh7 63. Kg4 Kg7 64. h4 Kh7 65. h5 Kg7 66. Kf5 Kh7 67. Kf6 Kg8 68. Kg6 Kh8 69. Kh6 Kg8 70. g6 Kh8 71. Kg5 Kg8 72. Kf5 Kh8 73. Kg4 Kg7 74. Kg5 Kg8 75. h6 Kh8 76. g7+ Kg8 77. Kf6 Kh7 78. Kf7 Kxh6 79. g8=Q 1-0


[Site "https://www.chess.com"]

[Event "Titled Tuesday Blitz August 17 2021"]
[White "Obolentseva, Alexandra"]
[Black "Agibileg, Uurtsaikh"]
[WhiteFideId "24153648"]
[BlackFideId "4901606"]
[WhiteElo "2113"]
[BlackElo "2150"]
[Result "0-1"]
[Round "11"]
[TimeControl "180+1"]
[Date "2021.08.17"]
[WhiteClock "0:00:01"]
[BlackClock "0:00:59"]

1. d4 Nf6 2. c4 g6 3. Nc3 Bg7 4. e4 d6 5. Nf3 O-O 6. Be2 e5 7. O-O Nc6 8. d5 Ne7 9. b4 Nd7 10. a4 f5 11. Ba3 Nf6 12. Nd2 f4 13. c5 g5 14. Nc4 g4 15. cxd6 cxd6 16. b5 f3 17. gxf3 gxf3 18. Bxf3 Ne8 19. Kh1 Ng6 20. Bg4 Bxg4 21. Qxg4 Rc8 22. Qe6+ Kh8 23. Nxd6 Nxd6 24. Qxd6 Rxc3 25. Qxd8 Rxd8 26. Bb4 Rc4 27. Rab1 Rxe4 28. d6 Bf8 29. Rfd1 Nf4 30. Bc5 b6 31. Be3 Rxd6 32. Rxd6 Bxd6 33. Rd1 Bc5 34. Rd8+ Kg7 35. Rd7+ Kg6 36. Rxa7 Bxe3 37. fxe3 Rxe3 38. Kg1 Re2 39. Ra6 Nd5 40. a5 Rb2 41. axb6 Rxb5 42. b7+ Kf5 43. Ra5 Rb1+ 44. Kf2 Nf4 45. Ra7 Ne6 46. Ke3 Nc5 47. b8=Q Rxb8 48. Rxh7 Rb3+ 49. Kd2 Ke4 50. Rh4+ Kd5 51. Rh5 Kd4 52. Rh8 Rb2+ 53. Ke1 e4 54. h4 Nd3+ 55. Kd1 Ke3 56. Re8 Rd2# 0-1


[Site "https://www.chess.com"]

[Event "Titled Tuesday Blitz August 17 2021"]
[White "Ovetchkin, Roman"]
[Black "Pavlov, Danila"]
[WhiteFideId "4119991"]
[BlackFideId "34126594"]
[WhiteElo "2432"]
[BlackElo "2323"]
[Result "0-1"]
[Round "11"]
[TimeControl "180+1"]
[Date "2021.08.17"]
[WhiteClock "0:00:11"]
[BlackClock "0:00:20"]

1. d4 Nf6 2. c4 g6 3. Nc3 Bg7 4. e4 d6 5. Nf3 O-O 6. Be2 e5 7. d5 a5 8. Bg5 h6 9. Be3 Na6 10. Nd2 Nh7 11. a3 f5 12. f3 Nc5 13. b4 axb4 14. axb4 Rxa1 15. Qxa1 Na6 16. Qa3 Qh4+ 17. g3 Qe7 18. c5 dxc5 19. bxc5 Nf6 20. O-O fxe4 21. Ndxe4 Nxe4 22. fxe4 Rxf1+ 23. Kxf1 Bf8 24. Bxa6 bxa6 25. Qb3 Qf7+ 26. Ke1 Bg4 27. Qc4 Qf3 28. Kd2 Kh7 29. d6 cxd6 30. c6 Qg2+ 31. Ne2 d5 32. exd5 Bxe2 33. Qxe2 Qxd5+ 34. Qd3 Qxc6 35. h4 h5 36. Qd8 Qd6+ 37. Qxd6 Bxd6 38. Kd3 e4+ 39. Kxe4 Bxg3 40. Bg5 Kg7 41. Kd5 Kf7 0-1


[Site "https://www.chess.com"]

[Event "Titled Tuesday Blitz August 17 2021"]
[White "Pastar, Slaven"]
[Black "Dinu, Dumitru-Daniel"]
[WhiteFideId "14402718"]
[BlackFideId "1208403"]
[WhiteElo "2150"]
[BlackElo "2240"]
[Result "1-0"]
[Round "11"]
[TimeControl "180+1"]
[Date "2021.08.18"]
[WhiteClock "0:00:04"]
[BlackClock "0:00:07"]

1. b3 c5 2. Bb2 d5 3. e3 Nf6 4. Nf3 Nc6 5. c4 e6 6. Be2 Bd6 7. O-O O-O 8. d4 cxd4 9. Nxd4 Nxd4 10. Qxd4 e5 11. Qh4 Be6 12. cxd5 Nxd5 13. Qxd8 Rfxd8 14. Nc3 Nb4 15. Rfd1 Be7 16. Nb5 Rac8 17. Bxe5 a6 18. Nd4 Nc2 19. Nxc2 Rxc2 20. Bd3 Rcc8 21. Be4 Rxd1+ 22. Rxd1 f6 23. Bg3 b6 24. f4 Bc5 25. Bf2 Bg4 26. Rc1 Re8 27. Bd5+ Kf8 28. e4 Bxf2+ 29. Kxf2 f5 30. e5 Rd8 31. Be6 Rd2+ 32. Kg3 h6 33. h3 Bd1 34. Bxf5 Kf7 35. Rc7+ Kf8 36. e6 Re2 37. Bg4 Rd2 38. e7+ Ke8 39. Bxd1 Rxd1 40. Rb7 Rd2 41. Rxb6 Rxa2 42. Rg6 Rb2 43. Rxg7 Rxb3+ 44. Kg4 a5 45. f5 a4 46. f6 h5+ 47. Kxh5 Rb5+ 48. Kh6 Kd7 49. Kg6 a3 50. Kf7 Rb8 51. Rg3 Ra8 52. Rxa3 Rxa3 53. e8=Q+ Kc7 54. Qe7+ 1-0


[Site "https://www.chess.com"]

[Event "Titled Tuesday Blitz August 17 2021"]
[White "Perez Rodriguez, Luis Manuel"]
[Black "Bach, Ngoc Thuy Duong"]
[WhiteFideId "3503364"]
[BlackFideId "12408956"]
[WhiteElo "2429"]
[BlackElo "1896"]
[Result "1-0"]
[Round "11"]
[TimeControl "180+1"]
[Date "2021.08.18"]
[WhiteClock "0:01:06"]
[BlackClock "0:00:02"]

1. e4 c5 2. Nf3 d6 3. d4 cxd4 4. Nxd4 Nf6 5. Nc3 a6 6. Bg5 e6 7. f4 Nbd7 8. Qe2 Qc7 9. O-O-O Be7 10. g4 b5 11. a3 Bb7 12. Bh4 Nb6 13. g5 Nfd7 14. f5 e5 15. Nb3 Nc4 16. Rd3 O-O-O 17. Bh3 f6 18. Rg1 fxg5 19. Bxg5 Bxg5+ 20. Rxg5 Nf6 21. Rg1 Kb8 22. Rgd1 Bc6 23. Kb1 Ka8 24. Bg2 Rb8 25. Nd2 Rhd8 26. Nb3 Qb6 27. Rg3 Rb7 28. Qd3 a5 29. Bf1 a4 30. Nd2 Qc5 31. Bg2 Na5 32. Nd5 Bxd5 33. exd5 b4 34. axb4 Qxb4 35. Qa3 Qxa3 36. Rxa3 Ra7 37. Rxa4 Rb8 38. b4 1-0


[Site "https://www.chess.com"]

[Event "Titled Tuesday Blitz August 17 2021"]
[White "Pichot, Alan"]
[Black "Kvon, Andrey"]
[WhiteFideId "110973"]
[BlackFideId "14201356"]
[WhiteElo "2622"]
[BlackElo "2458"]
[Result "1-0"]
[Round "11"]
[TimeControl "180+1"]
[Date "2021.08.17"]
[WhiteClock "0:00:22"]
[BlackClock "0:00:16"]

1. e4 e5 2. Nf3 Nc6 3. Bb5 a6 4. Ba4 Nf6 5. O-O b5 6. Bb3 Bc5 7. a4 Bb7 8. d3 d6 9. Nc3 b4 10. Ne2 h6 11. a5 Ne7 12. Ng3 O-O 13. Be3 Bxe3 14. fxe3 Bc8 15. Nh4 Be6 16. Nhf5 Nxf5 17. Nxf5 Bxb3 18. cxb3 Kh7 19. Qf3 Ng8 20. d4 g6 21. Ng3 Kg7 22. Qe2 Qe7 23. Qc4 c5 24. dxc5 dxc5 25. Rfd1 Nf6 26. Rac1 Rfc8 27. Nh1 Qc7 28. Nf2 Qxa5 29. Nd3 Rc7 30. Nxe5 Re8 31. Ra1 Qb5 32. Rxa6 Qxc4 33. Nxc4 Rxe4 34. h3 h5 35. Rdd6 Nh7 36. Kf2 h4 37. Rac6 Ra7 38. Rxc5 Ree7 39. Rdc6 Nf6 40. Re5 Red7 41. Rd6 Rxd6 42. Nxd6 Ra1 43. Re7 Nd5 44. Rxf7+ Kh6 45. Rd7 Nf6 46. Rb7 Rc1 47. Rxb4 Rc2+ 48. Kf3 g5 49. Nf7+ Kg6 50. Ne5+ Kf5 51. Nd3 Ke6 52. Rb6+ Kf5 53. e4+ Nxe4 54. Rb5+ 1-0


[Site "https://www.chess.com"]

[Event "Titled Tuesday Blitz August 17 2021"]
[White "Piesik, Piotr"]
[Black "Mitusov, Semen"]
[WhiteFideId "1136194"]
[BlackFideId "14151049"]
[WhiteElo "2395"]
[BlackElo "2256"]
[Result "0-1"]
[Round "11"]
[TimeControl "180+1"]
[Date "2021.08.17"]
[WhiteClock "0:00:02"]
[BlackClock "0:00:08"]

1. Nf3 d5 2. g3 c6 3. Bg2 Bg4 4. O-O Nd7 5. d3 Ngf6 6. Nbd2 e6 7. e4 Be7 8. h3 Bh5 9. Qe1 O-O 10. Nb3 a5 11. a4 Re8 12. e5 c5 13. exf6 Bxf6 14. Rb1 e5 15. Nfd2 e4 16. dxe4 c4 17. Na1 Nc5 18. f4 dxe4 19. Nxc4 Bf3 20. Be3 Nxa4 21. Nb3 Qc7 22. Ne5 Bxe5 23. fxe5 Qxe5 24. Bxf3 exf3 25. Rxf3 Nxb2 26. Qf2 Nc4 27. Bd4 Qh5 28. g4 Qg6 29. Nc5 b6 30. Nd3 a4 31. Ra1 a3 32. Ra2 h5 33. Nf4 Qe4 34. Nxh5 Ne5 35. Bxe5 Rxe5 36. Rxf7 Rxh5 37. gxh5 Qd5 38. Rxa3 Rxa3 39. Rf8+ Kh7 40. Qf5+ Qxf5 41. Rxf5 Rxh3 42. Rb5 Kh6 43. Rxb6+ Kxh5 44. Rc6 g5 45. c4 Rc3 46. c5 Kg4 47. Kf2 Rc2+ 48. Ke3 Kf5 49. Kd4 g4 50. Rc8 Kf4 51. Rf8+ Kg3 52. Kd5 Kh2 53. Rh8+ Kg2 54. c6 g3 55. Kd6 Kg1 56. Rg8 g2 57. c7 Kh1 58. Rh8+ Kg1 59. Kd7 Kf1 60. Rf8+ Ke1 61. Re8+ Kf1 62. Rf8+ Ke1 63. Rg8 Kf2 0-1


[Site "https://www.chess.com"]

[Event "Titled Tuesday Blitz August 17 2021"]
[White "Plotnikov, Pavel"]
[Black "Bazarov, Konstantin"]
[WhiteFideId "4170342"]
[BlackFideId "4137000"]
[WhiteElo "2298"]
[BlackElo "2122"]
[Result "0-1"]
[Round "11"]
[TimeControl "180+1"]
[Date "2021.08.17"]
[WhiteClock "0:00:02"]
[BlackClock "0:00:07"]

1. e4 d5 2. exd5 Qxd5 3. Nc3 Qd6 4. d4 Nf6 5. Nf3 a6 6. Ne5 Nc6 7. Nxc6 Qxc6 8. d5 Qd6 9. Bc4 g6 10. O-O Bg7 11. Qf3 Bg4 12. Qf4 Qxf4 13. Bxf4 O-O-O 14. Rfe1 Rhe8 15. d6 exd6 16. Bxf7 Rxe1+ 17. Rxe1 Rf8 18. Bb3 Re8 19. Be3 Bd7 20. f3 c6 21. Kf2 d5 22. Na4 Ng8 23. Rd1 Be6 24. c3 Nf6 25. Bd4 Nh5 26. Bxg7 Nxg7 27. Nc5 Bf7 28. Bc2 a5 29. Nb3 b6 30. Nd4 Kc7 31. f4 Nh5 32. g3 Nf6 33. Nf3 Ng4+ 34. Kg1 Re2 35. Nd4 Re8 36. Rd2 c5 37. Nb5+ Kc6 38. Ba4 Re1+ 39. Kg2 Ne3+ 40. Kf3 Nc4 41. Rf2 h5 42. b3 Re3+ 43. Kg2 Nd6 44. Nd4+ Kc7 45. Ne2 Ne4 46. c4 dxc4 47. bxc4 Nxf2 48. Kxf2 Rxe2+ 49. Kxe2 Bxc4+ 50. Ke3 Bxa2 51. Be8 Bb1 52. h3 a4 53. g4 hxg4 54. hxg4 a3 55. Bf7 a2 56. Bxa2 Bxa2 57. f5 gxf5 58. gxf5 Kd6 59. Kf4 Ke7 60. Ke5 c4 61. Kd4 b5 62. Kc3 Kf6 63. Kb4 Kxf5 64. Kc3 Ke4 65. Kc2 Kd4 66. Kd2 Bb3 67. Kc1 Kc3 68. Kb1 Kd2 69. Kb2 c3+ 70. Ka3 c2 71. Kb4 c1=Q 72. Kxb5 Qc4+ 73. Kb6 Qb4+ 74. Kc7 Qc5+ 75. Kd7 Qb6 76. Ke7 Qc6 77. Kd8 Qb7 78. Ke8 Kd3 79. Kf8 Kd4 80. Ke8 Kd5 0-1


[Site "https://www.chess.com"]

[Event "Titled Tuesday Blitz August 17 2021"]
[White "Potapova, Margarita"]
[Black "Roman, Rodrigo"]
[WhiteFideId "14126869"]
[BlackFideId "3701220"]
[WhiteElo "2214"]
[BlackElo "2043"]
[Result "0-1"]
[Round "11"]
[TimeControl "180+1"]
[Date "2021.08.17"]
[WhiteClock "0:00:03"]
[BlackClock "0:01:00"]

1. e4 a6 2. d4 b5 3. Bd3 Bb7 4. Ne2 Nf6 5. e5 Nd5 6. a3 e6 7. O-O Be7 8. f4 g6 9. b3 c5 10. c4 bxc4 11. bxc4 Nb6 12. d5 exd5 13. f5 dxc4 14. Bc2 Nc6 15. Bb2 Qc7 16. e6 f6 17. fxg6 O-O-O 18. exd7+ Rxd7 19. Bf5 hxg6 20. Bxd7+ Nxd7 21. Ng3 Bd6 22. Bxf6 Nxf6 23. Rxf6 Qh7 24. Qxd6 Qxh2+ 25. Kf2 Rd8 26. Rf8 Rxf8+ 27. Qxf8+ Nd8 28. Qxc5+ Bc6 29. Qe3 Qxg2+ 30. Ke1 Qb2 31. Qc3 Qg2 32. Nd2 Ne6 33. Ndf1 Ng5 34. Rd1 Nf3+ 35. Qxf3 Bxf3 36. Rc1 Kb8 37. Rxc4 Qa2 38. Rb4+ Ka7 39. Nd2 Qxa3 40. Rb3 Qc1+ 41. Kf2 Qxd2+ 42. Kxf3 Qd1+ 0-1


[Site "https://www.chess.com"]

[Event "Titled Tuesday Blitz August 17 2021"]
[White "Preotu, Razvan"]
[Black "Stoyanov, Tsvetan"]
[WhiteFideId "2613280"]
[BlackFideId "2917173"]
[WhiteElo "2407"]
[BlackElo "2191"]
[Result "0-1"]
[Round "11"]
[TimeControl "180+1"]
[Date "2021.08.17"]
[WhiteClock "0:00:07"]
[BlackClock "0:00:11"]

1. e4 c5 2. Nf3 d6 3. Bb5+ Nd7 4. a4 a6 5. Be2 g6 6. d4 cxd4 7. Nxd4 Bg7 8. Nc3 Ngf6 9. g4 Nc5 10. f3 e5 11. Nb3 Nxb3 12. cxb3 Be6 13. f4 exf4 14. Bxf4 d5 15. e5 Nd7 16. Nxd5 Qa5+ 17. Nc3 O-O 18. Qd4 Nxe5 19. b4 Qd8 20. Qe4 Nxg4 21. Rd1 Qb6 22. Bxg4 Bxg4 23. Rd6 Bxc3+ 24. bxc3 Rfe8 25. Rxb6 Rxe4+ 26. Kf2 Rxf4+ 27. Kg3 Rc4 28. Rxb7 Be6 29. Rd1 Rxc3+ 30. Kf4 Rc4+ 31. Ke5 a5 32. b5 Rxa4 33. b6 Rb4 34. Rd6 a4 35. Ra7 Rb8 36. Ra6 Rb5+ 37. Kf6 Rf5+ 38. Ke7 Rd5 39. Rxd5 Bxd5 40. Kd6 Bc4 41. Kc7 Bxa6 42. Kxb8 a3 0-1


[Site "https://www.chess.com"]

[Event "Titled Tuesday Blitz August 17 2021"]
[White "Prraneeth Vuppala"]
[Black "Gracia Alvarez, Gerardo Antonio"]
[WhiteFideId "46622373"]
[BlackFideId "5109124"]
[WhiteElo "1759"]
[BlackElo "2148"]
[Result "1-0"]
[Round "11"]
[TimeControl "180+1"]
[Date "2021.08.17"]
[WhiteClock "0:00:24"]
[BlackClock "0:00:04"]

1. e4 c5 2. Nf3 d6 3. d4 cxd4 4. Nxd4 Nf6 5. Nc3 g6 6. Be3 Bg7 7. f3 O-O 8. Qd2 Nc6 9. O-O-O d5 10. Qe1 e5 11. Nxc6 bxc6 12. exd5 Nxd5 13. Bc4 Be6 14. Bb3 Re8 15. Kb1 Nxc3+ 16. Qxc3 Qc7 17. Bxe6 Rxe6 18. Qc4 e4 19. fxe4 Rb8 20. b3 Qe5 21. Bd4 Qxe4 22. Qc3 Bxd4 23. Rxd4 Qxg2 24. Rhd1 Rbe8 25. h4 h5 26. Kb2 Re2 27. Rd7 Qe4 28. Rf1 Re7 29. Rd8+ Re8 30. Rd7 Re7 31. Rxe7 Qxe7 32. Qxc6 Qxh4 33. Qa8+ Kg7 34. Qxa7 Re7 35. Qc5 Qe4 36. a4 h4 37. a5 h3 38. Qc3+ Qe5 39. Rh1 Qxc3+ 40. Kxc3 Re3+ 41. Kd4 Rg3 42. a6 Rg4+ 43. Kc3 Rg3+ 44. Kb2 1-0


[Site "https://www.chess.com"]

[Event "Titled Tuesday Blitz August 17 2021"]
[White "Quintiliano Pinto, Renato R."]
[Black "Murzin, Volodar"]
[WhiteFideId "2117568"]
[BlackFideId "44155573"]
[WhiteElo "2439"]
[BlackElo "2541"]
[Result "0-1"]
[Round "11"]
[TimeControl "180+1"]
[Date "2021.08.17"]
[WhiteClock "0:00:01"]
[BlackClock "0:00:05"]

1. d4 d5 2. c4 c6 3. Nc3 dxc4 4. e3 b5 5. a4 b4 6. Ne4 Qd5 7. Ng3 Nf6 8. Be2 g6 9. Nf3 Nbd7 10. O-O Bg7 11. e4 Nxe4 12. Nxe4 Qxe4 13. Bxc4 O-O 14. Re1 Qg4 15. Rxe7 Nb6 16. h3 Qh5 17. Bxf7+ Rxf7 18. Rxf7 Kxf7 19. Ng5+ Kg8 20. g4 Qh4 21. Qf3 Bd7 22. Qf7+ Kh8 23. a5 Be8 24. Qb7 Bxd4 25. Ne4 Qxh3 26. axb6 Qxg4+ 27. Kf1 Rd8 28. Qe7 Qh3+ 0-1


[Site "https://www.chess.com"]

[Event "Titled Tuesday Blitz August 17 2021"]
[White "Quparadze, Giga"]
[Black "Laurusas, Tomas"]
[WhiteFideId "13602250"]
[BlackFideId "12803731"]
[WhiteElo "2658"]
[BlackElo "2542"]
[Result "1-0"]
[Round "11"]
[TimeControl "180+1"]
[Date "2021.08.17"]
[WhiteClock "0:01:46"]
[BlackClock "0:01:07"]

1. e4 d6 2. Nc3 Nf6 3. d4 Nbd7 4. f4 e5 5. Nf3 Be7 6. fxe5 dxe5 7. dxe5 Ng4 8. Bf4 Bc5 9. Qd2 Bf2+ 10. Kd1 Bb6 11. Kc1 Qe7 12. Nd5 Qc5 13. h3 Nf2 14. Nxb6 Qxb6 15. Be3 Nxe4 16. Bxb6 Nxd2 17. Bxc7 Nxf1 18. Rxf1 O-O 19. Bd6 Re8 20. b3 f6 21. exf6 Nxf6 22. Kb2 Bf5 23. Nd4 Be4 24. Bb4 Bxg2 25. Rxf6 gxf6 26. Rg1 Kf7 27. Rxg2 Rg8 28. Rf2 Rg3 29. Nf5 Rxh3 30. Nd6+ Kg6 31. Bc3 Rf8 32. Rg2+ Kh5 33. Ne4 Rf3 34. Rg7 h6 35. Rxb7 f5 36. Nf6+ Kg6 37. Nd5 h5 38. Rg7+ Kh6 39. Rg1 h4 40. Bg7+ Kh5 41. Bxf8 h3 42. Rh1 1-0


[Site "https://www.chess.com"]

[Event "Titled Tuesday Blitz August 17 2021"]
[White "Richter, Nils"]
[Black "Mogirzan, Matei-Valeriu"]
[WhiteFideId "12990809"]
[BlackFideId "1257455"]
[WhiteElo "2289"]
[BlackElo "1733"]
[Result "0-1"]
[Round "11"]
[TimeControl "180+1"]
[Date "2021.08.18"]
[WhiteClock "0:00:16"]
[BlackClock "0:00:04"]

1. e4 e5 2. Nf3 Nf6 3. Nxe5 Nc6 4. Nxc6 dxc6 5. d3 Bc5 6. Be2 h5 7. h3 Qd4 8. Be3 Qxb2 9. Nd2 Bxe3 10. fxe3 Qe5 11. Nf3 Qg3+ 12. Kd2 Qd6 13. e5 Ne4+ 14. Ke1 Qb4+ 15. Nd2 Nc3 16. Qc1 Qh4+ 17. Kf1 Qg3 18. Nf3 Nxe2 19. Qd2 Be6 20. Qxe2 O-O-O 21. Qf2 Qg6 22. Ke2 f6 23. Nh4 Qf7 24. Rhf1 Qd7 25. exf6 gxf6 26. Nf5 Rhe8 27. a3 Qd5 28. Ng7 Qc5 29. Kd2 Re7 30. Nxe6 Rxe6 31. Qf5 Qxe3+ 32. Kc3 Qe5+ 33. Qxe5 fxe5 34. Rf5 Rg8 35. Rg1 h4 36. Rh5 Reg6 37. Rxh4 Rxg2 38. Rxg2 Rxg2 39. Rh7 Rh2 40. h4 b6 41. h5 Kb7 42. h6 c5 43. Kb3 Kc6 44. a4 a6 45. c3 b5 46. axb5+ axb5 47. Re7 Rxh6 48. Rxe5 Rh3 49. Rg5 Rxd3 50. Rg6+ Rd6 51. Rg5 Kb6 52. Rf5 c6 53. Rg5 Rd1 54. Rf5 Rd3 55. Kc2 Rh3 56. Rg5 b4 57. c4 Ka5 58. Rxc5+ Kb6 59. Rg5 Rc3+ 60. Kb2 Rxc4 61. Rg6 Kb5 62. Rg8 c5 63. Rb8+ Kc6 64. Rc8+ Kb7 65. Rd8 Rh4 66. Rd1 Kb6 67. Rg1 Kb5 68. Rg5 Rh2+ 69. Kb3 Rh3+ 70. Kb2 Rh4 71. Rf5 Kc4 72. Rf8 Rh2+ 73. Kb1 Kb3 74. Rf3+ Ka4 75. Rf8 c4 76. Rf4 Kb3 77. Rf3+ c3 78. Rf1 Rb2+ 79. Ka1 Ra2+ 80. Kb1 c2+ 81. Kc1 Ra1+ 82. Kd2 Rxf1 83. Kd3 Kb2 84. Ke2 Rf8 0-1


[Site "https://www.chess.com"]

[Event "Titled Tuesday Blitz August 17 2021"]
[White "Rodchenkov, Vitaly"]
[Black "Papasimakopoulos, Alexandros"]
[WhiteFideId "4152964"]
[BlackFideId "4244125"]
[WhiteElo "2337"]
[BlackElo "2352"]
[Result "1-0"]
[Round "11"]
[TimeControl "180+1"]
[Date "2021.08.17"]
[WhiteClock "0:01:31"]
[BlackClock "0:00:55"]

1. e4 e6 2. d4 d5 3. Nd2 Nf6 4. e5 Nfd7 5. Qg4 b6 6. c3 Ba6 7. Bxa6 Nxa6 8. Ne2 c5 9. Nf3 cxd4 10. cxd4 Nb4 11. O-O Nd3 12. Nc3 Nxc1 13. Rfxc1 a6 14. h4 h5 15. Qf4 Be7 16. Rc2 O-O 17. Rac1 f6 18. exf6 Nxf6 19. Re2 Bd6 20. Qg5 Qd7 21. Rce1 Rae8 22. Qg6 Bb4 23. Ng5 Bxc3 24. bxc3 b5 25. Rxe6 Rxe6 26. Rxe6 Re8 27. Rxf6 Re1+ 28. Kh2 Qc7+ 29. g3 1-0


[Site "https://www.chess.com"]

[Event "Titled Tuesday Blitz August 17 2021"]
[White "Rozhkov, Viacheslav"]
[Black "Idrisov, Ildar F"]
[WhiteFideId "4181484"]
[BlackFideId "4151020"]
[WhiteElo "2324"]
[BlackElo "2209"]
[Result "1-0"]
[Round "11"]
[TimeControl "180+1"]
[Date "2021.08.17"]
[WhiteClock "0:00:54"]
[BlackClock "0:00:36"]

1. e4 d5 2. e5 c5 3. c3 c4 4. f4 Nc6 5. Nf3 Bg4 6. h3 Bxf3 7. Qxf3 e6 8. d4 cxd3 9. Bxd3 g6 10. Be3 h5 11. O-O h4 12. c4 dxc4 13. Bxc4 Qa5 14. Nc3 Nh6 15. Ne4 Be7 16. b4 Qxb4 17. Rfc1 Qa5 18. Rab1 O-O 19. Rxb7 Bc5 20. Bxc5 Rfc8 21. Nf6+ Kg7 22. Bxe6 Nd8 23. Bxf7 Nhxf7 24. Ne8+ Kh7 25. Qg4 Nxb7 26. Qxh4+ Nh6 27. Qe7+ 1-0


[Site "https://www.chess.com"]

[Event "Titled Tuesday Blitz August 17 2021"]
[White "Rustemov, Alexander"]
[Black "Machidon, Cristi"]
[WhiteFideId "4119002"]
[BlackFideId "13904590"]
[WhiteElo "2691"]
[BlackElo "2312"]
[Result "0-1"]
[Round "11"]
[TimeControl "180+1"]
[Date "2021.08.17"]
[WhiteClock "0:00:49"]
[BlackClock "0:00:14"]

1. d4 Nf6 2. c4 e6 3. Nf3 Bb4+ 4. Bd2 Qe7 5. g3 O-O 6. Bg2 Re8 7. O-O Bxd2 8. Qxd2 d6 9. Nc3 e5 10. dxe5 dxe5 11. Nd5 Nxd5 12. cxd5 c6 13. e4 Bg4 14. Rac1 Bxf3 15. Bxf3 Rd8 16. Rfd1 cxd5 17. exd5 Nc6 18. d6 Qd7 19. Bxc6 bxc6 20. Qc3 Qe6 21. Qxc6 Rac8 22. Qa6 Rxc1 23. Rxc1 h5 24. h4 Rxd6 25. Qxa7 Rd2 26. Qb8+ Kh7 27. a3 Qf5 28. Qb6 f6 29. a4 Qd3 30. a5 Qe2 31. b4 Ra2 32. Qe3 Qb2 33. Qd3+ Kh6 34. Qc3 Qxf2+ 0-1


[Site "https://www.chess.com"]

[Event "Titled Tuesday Blitz August 17 2021"]
[White "Rytenko, Vsevolod"]
[Black "Seletsky, Grigory"]
[WhiteFideId "14133040"]
[BlackFideId "14112191"]
[WhiteElo "2200"]
[BlackElo "2492"]
[Result "0-1"]
[Round "11"]
[TimeControl "180+1"]
[Date "2021.08.18"]
[WhiteClock "0:00:09"]
[BlackClock "0:00:14"]

1. d4 d5 2. Nf3 Bf5 3. Bg5 c6 4. e3 Nd7 5. Bd3 Bxd3 6. Qxd3 Ngf6 7. c4 e6 8. Nc3 Be7 9. O-O O-O 10. a3 a6 11. b4 b5 12. c5 a5 13. Rfe1 Nh5 14. Bf4 Nxf4 15. exf4 Bf6 16. f5 exf5 17. Qxf5 Re8 18. Re3 axb4 19. Nb1 Nf8 20. Nbd2 Ne6 21. Qg4 bxa3 22. Raxa3 Qd7 23. Rxa8 Rxa8 24. Ne5 Bxe5 25. Rxe5 Nxc5 26. Qxd7 Nxd7 27. Re7 Rd8 28. Kf1 Kf8 29. Re3 Ra8 30. Rc3 Ra6 31. Ke2 Ke7 32. f4 Kd6 33. g4 Ra4 34. Nf3 f6 35. h4 Nb6 36. g5 Nc4 37. h5 fxg5 38. fxg5 Ra3 39. Rc1 b4 40. h6 g6 41. Ne5 Nxe5 42. dxe5+ Kd7 43. e6+ Kd6 44. e7 Ra8 45. Kd3 c5 46. Rf1 Re8 47. Rf7 Rxe7 48. Rg7 c4+ 49. Kd4 b3 50. Kc3 Ke6 51. Rg8 Kf5 52. Rg7 Re3+ 53. Kd2 Rd3+ 54. Kc1 Rh3 55. Rxh7 c3 56. Rd7 Rh1# 0-1


[Site "https://www.chess.com"]

[Event "Titled Tuesday Blitz August 17 2021"]
[White "Santos Flores, Alberto"]
[Black "Yonal, Timur"]
[WhiteFideId "3601234"]
[BlackFideId "44115725"]
[WhiteElo "2293"]
[BlackElo "1829"]
[Result "1-0"]
[Round "11"]
[TimeControl "180+1"]
[Date "2021.08.18"]
[WhiteClock "0:01:30"]
[BlackClock "0:00:01"]

1. e4 c5 2. Nf3 e6 3. g3 d5 4. exd5 exd5 5. d4 Nf6 6. Bg2 Nc6 7. O-O Be7 8. dxc5 Bxc5 9. Re1+ Ne7 10. Bg5 Ne4 11. Bxe7 Bxe7 12. Nbd2 Nxd2 13. Qxd2 O-O 14. Nd4 Bf6 15. c3 Bg4 16. h3 Bc8 17. Rad1 Qd6 18. Nb5 Qc5 19. Qxd5 Qxd5 20. Bxd5 Bxh3 21. Bxb7 Rab8 22. Bc6 Rb6 23. Rd6 h5 24. a4 Rc8 25. Bg2 Rxd6 26. Bxh3 Rcd8 27. Nxd6 Rxd6 28. Re2 g6 29. Rc2 Rb6 30. Bg2 a5 31. Kf1 Kf8 32. Ke2 Ke7 33. Kd3 Kd6 34. Kc4 Rb8 35. b4 Rc8+ 36. Kb3 axb4 37. cxb4 Rxc2 38. Kxc2 Bd8 39. a5 g5 40. Kd3 h4 41. gxh4 gxh4 42. Kc4 f5 43. Kb5 Kc7 44. Ka6 Kb8 45. b5 f4 46. b6 f3 47. Bxf3 h3 48. Kb5 h2 49. a6 Kc8 50. a7 Bxb6 51. Kxb6 1-0


[Site "https://www.chess.com"]

[Event "Titled Tuesday Blitz August 17 2021"]
[White "Sarana, Alexey"]
[Black "Nakamura, Hikaru"]
[WhiteFideId "24133795"]
[BlackFideId "2016192"]
[WhiteElo "2646"]
[BlackElo "2900"]
[Result "0-1"]
[Round "11"]
[TimeControl "180+1"]
[Date "2021.08.17"]
[WhiteClock "0:00:03"]
[BlackClock "0:00:50"]

1. d4 g6 2. e4 Bg7 3. Nc3 a6 4. f4 c6 5. Nf3 d5 6. e5 Bg4 7. Bd3 e6 8. h3 Bxf3 9. Qxf3 h5 10. Ne2 h4 11. O-O Nd7 12. Be3 Ne7 13. Bf2 Nf5 14. c3 Bf8 15. Kh2 Be7 16. Rfc1 Rc8 17. b4 a5 18. a3 Kf8 19. Rcb1 a4 20. c4 dxc4 21. Bxc4 Nb6 22. Bd3 Nd5 23. Rd1 Kg7 24. Rac1 Qd7 25. Bb1 Bd8 26. Ng1 Bb6 27. Qe4 Ba7 28. Nf3 Rcd8 29. Rd2 Qe7 30. Rdd1 Bb6 31. Ng5 Rh5 32. Nf3 Ng3 33. Bxg3 hxg3+ 34. Kxg3 Rf5 35. Qe1 Rxf4 36. Be4 g5 37. Bxd5 Rxd5 38. Qe3 f6 39. exf6+ Qxf6 40. Kh2 Bc7 41. Kg1 g4 42. Ne5 Bb6 43. Qg3 Rfxd4 44. Nxg4 Rxd1+ 45. Kh2 Bg1+ 46. Kh1 Bf2+ 0-1


[Site "https://www.chess.com"]